 Dungeon Crawl Stone Soup version 0.18-a0-1551-g40744a8 (webtiles) character file.

161 dvd the Stinger (level 5, -3/31 HPs)
             Began as an Octopode Venom Mage on Mar 11, 2016.
             Slain by Natasha (9 damage)
             ... on level 3 of the Dungeon.
             The game lasted 00:09:17 (2384 turns).

dvd the Stinger (Octopode Venom Mage)               Turns: 2384, Time: 00:09:18

Health: -3/31      AC:  1    Str:  7    XL:     5   Next: 42%
Magic:  6/9        EV: 12    Int: 19    God:
Gold:   49         SH:  0    Dex: 12    Spells: 2 memorised, 6 levels left

rFire  . . .     SeeInvis .     j - +4 hand axe
rCold  . . .     Gourm    .     (no shield)
rNeg   . . .     Faith    .     (helmet restricted)
rPois  .         Spirit   .     (no amulet)
rElec  .         Dismiss  .     (no ring)
rCorr  .         Reflect  .     (no ring)
SustAt .         Harm     .     (no ring)
MR     .....                    (no ring)
Stlth  ++++......               (no ring)
                                (no ring)
                                (no ring)
                                (no ring)

@: slowed, very slow, not resistant to hostile enchantments, stealthy
A: almost no armour, amphibious, 8 rings, constrict 8, camouflage 1, gelatinous
body 1
a: no special abilities


You were on level 3 of the Dungeon.
You were not hungry.

You visited 1 branch of the dungeon, and saw 3 of its levels.

You collected 49 gold pieces.

Inventory:

Hand Weapons
 g - a +1 spear of freezing
 j - a +4 hand axe (weapon)
Wands
 t - a wand of flame (21/48)
Scrolls
 c - 3 scrolls of identify {unknown}
 h - a scroll of remove curse {unknown}
 i - a scroll of recharging {unknown}
 n - a scroll of enchant armour {unknown}
 s - a scroll of noise {unknown}
Potions
 e - a potion of curing
 k - a potion of cure mutation {unknown}
 l - 2 potions of flight {unknown}
 m - 2 potions of lignification {unknown}
 o - a potion of berserk rage {unknown}
 q - a potion of resistance {unknown}
 r - a potion of cancellation {unknown}
Books
 a - a Young Poisoner's Handbook

   Spells                             Type                      Level
   a - Sting                          Conjuration/Poison           1
   b - Cure Poison                    Poison                       2
   c - Mephitic Cloud                 Conjuration/Poison/Air       3
   d - Olgreb's Toxic Radiance        Poison                       4
   e - Venom Bolt                     Conjuration/Poison           5
Comestibles
 b - 4 bread rations
 d - 2 meat rations
 f - a beef jerky
 p - 2 fruits
 u - 2 chunks of flesh


   Skills:
 + Level 2.6 Dodging
 + Level 3.8 Stealth
 + Level 2.9 Spellcasting
 + Level 1.0 Conjurations
 + Level 6.3 Poison Magic


You had 6 spell levels left.
You knew the following spells:

 Your Spells              Type           Power        Failure   Level  Hunger
a - Sting                 Conj/Pois      ###.         4%          1    None
b - Cure Poison           Pois           ####......   1%          2    ##.....


Dungeon Overview and Level Annotations

Branches:
Dungeon (3/15)

Altars:

Annotations:
D:3 Natasha


Innate Abilities, Weirdness & Mutations

You cannot wear most types of armour.
You are amphibious.
You can wear up to eight rings at the same time.
You can use your tentacles to constrict eight enemies at once.
Your skin changes colour to match your surroundings (Stealth).
Your rubbery body absorbs attacks (AC +1).


Message History

The jackal is almost dead.
You kill the jackal!
The jackal looks more healthy.
Natasha looks more healthy.
The jackal bites you but does no damage.
Natasha stares at you and mumbles some strange words.
The magic dart hits you!
* * * LOW HITPOINT WARNING * * *
The jackal barely misses you. The jackal misses you.
Natasha hisses.
Natasha claws you.
* * * LOW HITPOINT WARNING * * *
The jackal bites you.
* * * LOW HITPOINT WARNING * * *
Drink which item? (? for menu, Esc to quit)
It was a potion of curing.
You feel better. The jackal bites you.
* * * LOW HITPOINT WARNING * * *
The jackal bites you.
* * * LOW HITPOINT WARNING * * *
Natasha claws you!
You die...

## #....# $
###. ..)..#.#
#.... #.#..#.#
#....##......#
............. .
.........>. ...
.........#.?...
#...@†.[....
#..hhh....##
#...l...###
#...g..g..
#.....##....
##..... ....
#....# #..
...... ..


You could see Natasha, 2 jackals, 2 goblins and a giant newt.

Vanquished Creatures
  Natasha (D:2)
  Terence (D:2)
  Robin (D:2)
  2 adders (D:2)
  An ooze (D:1)
  3 worms (D:2)
  A dart slug (D:1)
  3 giant geckos (D:1)
  3 ball pythons (D:2)
  3 bats (D:1)
  2 giant cockroaches
  12 goblins
  5 hobgoblins
  8 jackals
  6 kobolds
  A quokka (D:2)
  3 giant newts
  4 rats
60 creatures vanquished.

Notes
Turn   | Place    | Note
--------------------------------------------------------------
     0 | D:1      | dvd the Octopode Venom Mage began the quest for the Orb.
     0 | D:1      | Reached XP level 1. HP: 11/11 MP: 3/3
   119 | D:1      | Reached skill level 5 in Poison Magic
   190 | D:1      | Reached XP level 2. HP: 17/17 MP: 1/5
   397 | D:1      | Reached XP level 3. HP: 21/21 MP: 3/6
   776 | D:2      | Noticed Natasha
   780 | D:2      | Killed Natasha
   780 | D:2      | Reached XP level 4. HP: 27/27 MP: 2/7
   844 | D:2      | Learned a level 2 spell: Cure Poison
  1047 | D:2      | Reached skill level 6 in Poison Magic
  1288 | D:2      | Reached skill level 1 in Conjurations
  1375 | D:2      | Noticed Terence
  1514 | D:2      | Killed Terence
  1514 | D:2      | Reached XP level 5. HP: 11/31 MP: 3/9
  1896 | D:2      | Noticed Robin
  1908 | D:2      | Killed Robin
  2328 | D:2      | Noticed a phantom
  2377 | D:3      | Noticed Natasha
  2383 | D:3      | HP: 1/31 [jackal (2)]
  2384 | D:3      | Slain by Natasha

Vault maps used:
D:1:      lemuel_arrival_muddy, st_stairs_3
D:2:      first_bread, uniq_natasha, uniq_robin, uniq_terence
D:3:      lemuel_coloured_pillars_altar, bloody_makhleb, minmay_misc_feat_room

Skill      XL: |  1  2  3  4 |
---------------+-------------+-----
Poison Magic   | 5 6 |  6.3
Stealth        | 3 |  3.8
Conjurations   | 1 |  1.0
Dodging        | |  2.6
Spellcasting   | |  2.9

Action                   |  1- 3 |  4- 6 || total
-------------------------+-------+-------++-------
Melee: Spear             |     1 |       ||     1
       Hand axe          |    14 |    33 ||    47
 Cast: Sting             |    26 |    72 ||    98
  Use: Potion            |       |     1 ||     1
 Stab: Sleeping          |     3 |     3 ||     6
  Eat: Chunk             |       |     5 ||     5
